 Dungeon Crawl Stone Soup version 0.22-a0-538-g76cc104 (webtiles) character file.

159 inc the Digger (level 5, -4/31 HPs)
             Began as an Octopode Earth Elementalist on June 23, 2018.
             Slain by a goblin
             ... wielding a +0 dagger
             ... led by Robin
              (6 damage)
             ... on level 2 of the Dungeon.
             The game lasted 00:03:58 (2490 turns).

inc the Digger (Octopode Earth Elementalist)        Turns: 2490, Time: 00:03:58

Health: -4/31      AC:  1    Str:  8    XL:     5   Next: 40%
Magic:  7/8        EV: 13    Int: 18    God:
Gold:   46         SH:  0    Dex: 12    Spells: 7/8 levels left

rFire    . . .     SeeInvis .   k - +0 short sword
rCold    . . .     Gourm    .   (no shield)
rNeg     . . .     Faith    .   (helmet restricted)
rPois    .         Spirit   .   (no amulet)
rElec    .         Reflect  .   (no ring)
rCorr    .         Harm     .   (no ring)
MR       .....                  (no ring)
Stlth    +++.......             (no ring)
HPRegen  0.10/turn              (no ring)
MPRegen  0.11/turn              (no ring)
                                (no ring)
                                (no ring)

@: no status effects
A: almost no armour, stealthy swim, amphibious, 8 rings, constrict 8, camouflage
1, gelatinous body 1
a: no special abilities


You were on level 2 of the Dungeon.
You were hungry.

You visited 1 branch of the dungeon, and saw 3 of its levels.

You collected 46 gold pieces.

Inventory:

Hand Weapons
 k - a +0 short sword (weapon)
Missiles
 b - 3 stones (quivered)
Jewellery
 i - an uncursed ring of fire {unknown}
Scrolls
 e - a scroll of remove curse {unknown}
 h - 2 scrolls of teleportation {unknown}
Potions
 a - a potion of lignification {unknown}
 d - 2 potions of flight {unknown}
 f - a potion of agility {unknown}
 g - a potion of haste {unknown}
Comestibles
 c - 4 rations


   Skills:
 - Level 2.0 Dodging
 - Level 2.6 Stealth
 - Level 2.0 Spellcasting
   Level 1.0 Transmutations
 + Level 5.9 Earth Magic


You had 7 spell levels left.
You knew the following spells:

 Your Spells              Type           Power        Failure   Level  Hunger
a - Sandblast             Erth           ###...       1%          1    #......

Your spell library contained the following spells:

 Spells                   Type           Power        Failure   Level  Hunger
 Stone Arrow              Conj/Erth      ##....       16%         3    ###....
 Passwall                 Tmut/Erth      ##......     7%          2    ###....
 Lee's Rapid Deconstruct  Erth           ###.......   41%         5    ######.
 Petrify                  Tmut/Erth      ##......     41%         4    #####..


Dungeon Overview and Level Annotations

Branches:
Dungeon (3/15)

Altars:

Annotations:
D:2 Robin


Innate Abilities, Weirdness & Mutations

You cannot wear most types of armour.
You are very stealthy in the water. (Stealth+)
You are amphibious.
You can wear up to eight rings at the same time.
You can use your tentacles to constrict eight enemies at once.
Your skin changes colour to match your surroundings (Stealth+).
Your rubbery body absorbs attacks. (AC +1, EV +1)


Message History

The ball python barely misses you.
Casting: Sandblast (safe; 1% risk of failure)
Confirm with . or Enter, or press ? or * to list all spells.
Aiming: Sandblast (safe; 1% risk of failure)
Press: ? - help, Shift-Dir - straight line, f - ball python
Aim: a ball python The blast of sand hits the ball python.
You kill the ball python!
b - 3 stones Robin throws the goblin at you!
You hit the goblin.
You kill the goblin!
The goblin hits you with a dagger.
* * * LOW HITPOINT WARNING * * *
Robin throws the goblin at you!
Unknown command.
You hit the goblin.
You kill the goblin!
The goblin hits you with a dagger.
You die...

#.##.## ##.......##.###..#
###.....####.........#......##
...........'..>......'<......#
###.....####.........##.......
#.##.## ##.......## .##..#.
#.#### ##.....## .# .# #.#
##...## .# #.# ##)## .# #.#
#@# .# .# #g# .# #g#


ggg .S. #...# ##... ##.# You could see Robin, an adder, 2 hobgoblins and 2
goblins.

Vanquished Creatures
  Jessica (D:2)
  Terence (D:2)
  3 gnolls (D:2)
  An adder (D:2)
  3 oozes
  3 dart slugs
  A leopard gecko (D:1)
  2 giant cockroaches
  6 hobgoblins
  2 jackals (D:2)
  2 ball pythons
  7 bats
  2 frilled lizards
  10 goblins (D:2)
  6 kobolds
  4 rats
54 creatures vanquished.

Vanquished Creatures (others)
  A giant cockroach (D:1)
  A frilled lizard (D:1)
  A goblin (D:1)
3 creatures vanquished.

Grand Total: 57 creatures vanquished

Notes
Turn   | Place    | Note
-------+----------+-------------------------------------------
     0 | D:1      | inc the Octopode Earth Elementalist began the quest for the Orb.
     0 | D:1      | Reached XP level 1. HP: 11/11 MP: 3/3
   306 | D:1      | Reached XP level 2. HP: 12/17 MP: 5/5
   758 | D:1      | Reached skill level 4 in Earth Magic
   758 | D:1      | Reached XP level 3. HP: 21/21 MP: 2/6
  1436 | D:2      | Noticed Terence
  1539 | D:2      | Killed Terence
  1539 | D:2      | Reached XP level 4. HP: 5/27 MP: 2/7
  1540 | D:2      | HP: 1/27 [hobgoblin/club (4)]
  1787 | D:2      | Reached skill level 5 in Earth Magic
  2203 | D:2      | Reached XP level 5. HP: 31/31 MP: 6/8
  2248 | D:2      | Noticed Jessica
  2250 | D:2      | Killed Jessica
  2480 | D:2      | Noticed Robin
  2490 | D:2      | Slain by a goblin

Vault maps used:
D:1:      co_arrival_random_square_maze, serial_bayou_lagoon_a,
          lemuel_flame_loot_1
D:2:      kennysheep_generic_room_11, uniq_jessica, uniq_robin, uniq_terence
D:3:      minmay_door_path, first_ration, uniq_sigmund

Skill      XL: |  1  2  3  4 |
---------------+-------------+-----
Earth Magic    | 4 5 |  5.9
Dodging        | |  2.0
Stealth        | |  2.6
Spellcasting   | |  2.0
Transmutations | |  1.0

Action                   |  1- 3 |  4- 6 || total
-------------------------+-------+-------++-------
Melee: Unarmed           |    18 |     1 ||    19
       Tentacles         |     3 |     1 ||     4
       Constrict         |     5 |     4 ||     9
       Short sword       |       |     8 ||     8
 Cast: Sandblast         |    29 |    33 ||    62
 Stab: Sleeping          |     4 |     1 ||     5
  Eat: Chunk             |     2 |     3 ||     5
Armor: Skin              |     4 |     3 ||     7
Dodge: Dodged            |    10 |    11 ||    21

Table legend:
 A = Spawn XP
 B = Non-spawn XP
 C = Spawn XP percentage of total XP
 D = Spawn monster count
 E = Non-spawn monster count
 F = Spawn count percentage of total count
 G = Total turns spent on level
                    A         B        C        D         E        F      G
               +---------+---------+-------+---------+---------+-------+---------
         Total |       0 |     228 |   0.0 |       0 |      54 |   0.0 |  2490
               +---------+---------+-------+---------+---------+-------+---------
           D:1 |       0 |      38 |   0.0 |       0 |      19 |   0.0 |  1522
           D:2 |       0 |     190 |   0.0 |       0 |      35 |   0.0 |   961
               +---------+---------+-------+---------+---------+-------+---------
